[Event "Titled Tuesday Blitz March 15 Late 2022"]
[White "Chiu, Isaac"]
[Black "Batsiashvili, Nino"]
[WhiteFideId "30900654"]
[BlackFideId "13602993"]
[WhiteElo "2117"]
[BlackElo "2192"]
[Result "1-0"]
[Round "05"]
[TimeControl "180+1"]
[Date "2022.03.16"]
[WhiteClock "0:01:28"]
[BlackClock "0:00:07"]

1. e3 d5 2. g4 c5 3. Bg2 Nc6 4. b3 e5 5. Bb2 Be6 6. h4 Qd7 7. g5 h6 8. d3 hxg5 9. hxg5 Rxh1 10. Bxh1 O-O-O 11. Qh5 g6 12. Qh7 Nge7 13. Nd2 Nf5 14. a3 Bg7 15. Qh2 Rh8 16. Qg2 Rh5 17. O-O-O Qd8 18. Ngf3 a5 19. e4 Nfe7 20. exd5 Nxd5 21. a4 Nf4 22. Qf1 Nb4 23. Ne4 Qc7 24. Kb1 Rh8 25. Nfd2 Rd8 26. Nc4 Bxc4 27. dxc4 Ne6 28. Nc3 Rxd1+ 29. Qxd1 Nd4 30. Be4 Qd8 31. Qg4+ Qd7 32. Qh4 Kb8 33. Qh7 Bf8 34. Qh8 Qd6 35. Nb5 Nxb5 36. Bxe5 Qxe5 37. Qxe5+ Bd6 38. Qe8+ Ka7 39. Qxb5 Bc7 40. Qxb7# 1-0


[Site "https://www.chess.com"]

[Event "Titled Tuesday Blitz March 15 Late 2022"]
[White "Clawitter, Craig"]
[Black "Ciolek, Andreas"]
[WhiteFideId "2023105"]
[BlackFideId "12906727"]
[WhiteElo "2216"]
[BlackElo "2215"]
[Result "0-1"]
[Round "05"]
[TimeControl "180+1"]
[Date "2022.03.16"]
[WhiteClock "0:00:01"]
[BlackClock "0:00:50"]

1. e4 c5 2. Nf3 d6 3. d4 cxd4 4. Nxd4 Nf6 5. Nc3 a6 6. Be3 e5 7. Nb3 Be7 8. f3 Be6 9. Qd2 h5 10. Nd5 Bxd5 11. exd5 Nbd7 12. Be2 a5 13. Rc1 a4 14. Na1 Qc7 15. O-O O-O 16. c4 Nc5 17. Nc2 Qd7 18. Bxc5 dxc5 19. Ne3 Bd6 20. Bd3 g6 21. Nd1 Rae8 22. Qh6 e4 23. fxe4 Nxe4 24. Nf2 Nxf2 25. Rxf2 Qg4 26. Rcf1 Bxh2+ 27. Kxh2 Qh4+ 28. Kg1 Qd4 29. Bxg6 fxg6 30. Qxg6+ Kh8 31. Qxh5+ Kg7 32. Qg5+ Kh7 33. Qh5+ Kg7 34. Qh3 Rxf2 35. Qg3+ Kh8 36. Qxf2 Qxc4 37. Qf6+ Kh7 38. Qf7+ Kh6 39. Rf6+ Kg5 40. Qg6+ Kh4 41. Qh6+ Kg3 42. Qg7+ Qg4 43. Qxg4+ Kxg4 44. Re6 Rd8 45. d6 Kf5 46. Rh6 b5 47. Kf2 b4 48. Ke3 Ke5 49. Kd3 Kd5 50. g4 c4+ 51. Kc2 Kd4 0-1


[Site "https://www.chess.com"]

[Event "Titled Tuesday Blitz March 15 Late 2022"]
[White "Costachi, Mihnea"]
[Black "Ozates, Tuna"]
[WhiteFideId "1217518"]
[BlackFideId "6354521"]
[WhiteElo "2464"]
[BlackElo "1887"]
[Result "1-0"]
[Round "05"]
[TimeControl "180+1"]
[Date "2022.03.15"]
[WhiteClock "0:01:04"]
[BlackClock "0:00:10"]

1. d4 Nf6 2. c4 g6 3. Nc3 Bg7 4. e4 O-O 5. Be2 d6 6. Bg5 Nbd7 7. Qd2 c6 8. f3 a6 9. Nh3 b5 10. Nf2 Bb7 11. O-O bxc4 12. Bxc4 c5 13. dxc5 Nxc5 14. Bh6 Qa5 15. Bxg7 Kxg7 16. a3 Na4 17. b4 Qc7 18. Nxa4 Qxc4 19. Nb6 Qe6 20. Nxa8 Rxa8 21. Rac1 Qd7 22. Rc2 a5 23. bxa5 Qa4 24. Rb1 Bc8 25. Rc7 Bd7 26. Rbb7 Bc6 27. Rb4 Qxa3 28. Rxc6 Rxa5 29. Rc1 Nh5 30. Qb2+ Qxb2 31. Rxb2 Nf4 32. g3 Ne6 33. Kg2 Nc5 34. Rc3 Ra1 35. Rbc2 Ne6 36. Rd3 h5 37. f4 h4 38. Nh3 hxg3 39. hxg3 Re1 40. Kf3 f5 41. exf5 gxf5 42. Ng5 Nxg5+ 43. fxg5 Kg6 44. Re2 Rf1+ 45. Kg2 Rc1 46. Rxe7 Kxg5 47. Rxd6 Rc8 48. Rg7+ Kh5 49. Kh3 Rh8 50. Rf6 f4 51. g4# 1-0


[Site "https://www.chess.com"]

[Event "Titled Tuesday Blitz March 15 Late 2022"]
[White "Demchenko, Anton"]
[Black "Plazuelo Pascual, Juan"]
[WhiteFideId "4160258"]
[BlackFideId "32059566"]
[WhiteElo "2539"]
[BlackElo "2364"]
[Result "1-0"]
[Round "05"]
[TimeControl "180+1"]
[Date "2022.03.16"]
[WhiteClock "0:00:23"]
[BlackClock "0:00:05"]

1. e4 e5 2. Nf3 Nf6 3. Nxe5 d6 4. Nf3 Nxe4 5. Nc3 Nxc3 6. dxc3 Be7 7. Bf4 Nd7 8. Qd2 Nf6 9. O-O-O O-O 10. Bd3 c5 11. Rde1 Re8 12. c4 b5 13. cxb5 a6 14. Kb1 Qb6 15. a4 d5 16. a5 Qb7 17. b6 d4 18. Bc4 Bg4 19. Ne5 Bh5 20. Rhg1 Nd5 21. g4 Bg6 22. Nxg6 hxg6 23. Re5 Nb4 24. Rge1 Nc6 25. R5e2 Red8 26. Bc7 Rd7 27. h4 Rxc7 28. bxc7 Qxc7 29. Bd5 Bf8 30. h5 gxh5 31. gxh5 Rb8 32. Re8 Rxe8 33. Rxe8 Qd7 34. Bxc6 Qxc6 35. Qe2 Qc7 36. b3 Qd7 37. Rb8 d3 38. Qxd3 Qc7 39. Qd8 1-0


[Site "https://www.chess.com"]

[Event "Titled Tuesday Blitz March 15 Late 2022"]
[White "Domingo Nunez, Alejandro"]
[Black "Maghsoodloo, Parham"]
[WhiteFideId "22245561"]
[BlackFideId "12539929"]
[WhiteElo "2215"]
[BlackElo "2630"]
[Result "0-1"]
[Round "05"]
[TimeControl "180+1"]
[Date "2022.03.15"]
[WhiteClock "0:00:50"]
[BlackClock "0:01:35"]

1. Nf3 d5 2. g3 c6 3. Bg2 Bg4 4. c4 e6 5. b3 Nd7 6. Bb2 f6 7. Nc3 Bd6 8. Qc2 Ne7 9. e4 dxc4 10. bxc4 e5 11. Na4 Nc5 12. Rd1 Qa5 13. Nxc5 Bxc5 14. O-O Rd8 15. Bc3 Qc7 16. h3 Bh5 17. Rb1 O-O 18. a4 Rd7 19. Rb2 Rfd8 20. Rfb1 b6 21. a5 Nc8 22. axb6 axb6 23. Ra2 Nd6 24. d3 Nb7 25. Ne1 Bf7 26. Ra7 Qd6 27. Ra6 h5 28. Bf3 Qe6 29. Kg2 g5 30. Qe2 Qe8 31. Rba1 Kg7 32. Ra8 Rxa8 33. Rxa8 Qxa8 34. Bxh5 Bxh5 35. Qxh5 Qa2 36. Qg4 Qxf2+ 37. Kh1 Qg1# 0-1


[Site "https://www.chess.com"]

[Event "Titled Tuesday Blitz March 15 Late 2022"]
[White "Donchenko, Alexander"]
[Black "Maltsevskaya, Aleksandra"]
[WhiteFideId "24603295"]
[BlackFideId "24174041"]
[WhiteElo "2539"]
[BlackElo "2241"]
[Result "0-1"]
[Round "05"]
[TimeControl "180+1"]
[Date "2022.03.15"]
[WhiteClock "0:00:17"]
[BlackClock "0:00:15"]

1. c4 e5 2. g3 Nf6 3. Bg2 d5 4. cxd5 Nxd5 5. Nf3 Nc6 6. O-O Be7 7. d4 exd4 8. Nxd4 O-O 9. Nxc6 bxc6 10. Nc3 Be6 11. Bd2 Rb8 12. b3 Ba3 13. Rb1 Re8 14. Na4 Bf5 15. Ra1 Qf6 16. Re1 Bg6 17. e4 Nb4 18. Bc3 Qe7 19. Qd4 f6 20. Qc4+ Bf7 21. Qe2 Rbd8 22. Rad1 a5 23. h4 Rxd1 24. Rxd1 Rd8 25. Rd4 Rxd4 26. Bxd4 h5 27. Bc5 Qe5 28. Kh2 Kh7 29. Bf3 Kg8 30. Kg2 Qa1 31. Bxh5 Bxh5 32. Qxh5 Qxa2 33. Qe8+ Kh7 34. Qd7 Nc2 35. Bxa3 Qxa3 36. Qxc6 Qxb3 37. Nc5 Qc3 38. Qd5 Nd4 39. e5 fxe5 40. Qe4+ Kg8 41. Nd7 Qc6 42. Qxc6 Nxc6 43. Kf3 a4 44. Ke4 a3 45. Nc5 Na5 46. Kd3 a2 47. Nb3 Nxb3 48. Kc3 a1=Q+ 49. Kb4 Qd4+ 50. Kxb3 Qxf2 51. Ka3 Qxg3+ 52. Ka4 Qxh4+ 53. Ka5 g5 54. Ka6 g4 55. Ka7 g3 56. Kb7 g2 57. Kc8 g1=Q 58. Kd7 e4 59. Ke8 e3 60. Kd7 Qe4 61. Kd8 c5 62. Kc8 c4 63. Kc7 c3 64. Kd6 c2 65. Kc5 Qg5+ 66. Kb6 Qe6+ 67. Ka7 Qge7+ 68. Ka8 Qc8# 0-1


[Site "https://www.chess.com"]

[Event "Titled Tuesday Blitz March 15 Late 2022"]
[White "Dubov, Daniil"]
[Black "Khanin, Semen"]
[WhiteFideId "24126055"]
[BlackFideId "4111990"]
[WhiteElo "2791"]
[BlackElo "2442"]
[Result "1-0"]
[Round "05"]
[TimeControl "180+1"]
[Date "2022.03.15"]
[WhiteClock "0:00:34"]
[BlackClock "0:00:02"]

1. d4 Nf6 2. Nf3 d5 3. c4 e6 4. g3 Bb4+ 5. Nbd2 O-O 6. Bg2 dxc4 7. Qc2 b5 8. a4 c6 9. axb5 cxb5 10. Ng5 h6 11. h4 Bd7 12. Bxa8 Nc6 13. Bxc6 Bxc6 14. Nf3 Be4 15. Qd1 c3 16. bxc3 Bxc3 17. Rxa7 Bxf3 18. exf3 Qxd4 19. Ra2 Qd3 20. Qc2 Qxf3 21. O-O Qd5 22. Qb3 Qd3 23. Nb1 Nd5 24. Nxc3 Nxc3 25. Ra3 Ne2+ 26. Kh2 Qf5 27. Qd3 Qh5 28. Qf3 Qc5 29. Qxe2 1-0


[Site "https://www.chess.com"]

[Event "Titled Tuesday Blitz March 15 Late 2022"]
[White "Eisen, Zane"]
[Black "Hoffmann, Asa"]
[WhiteFideId "2098750"]
[BlackFideId "2001470"]
[WhiteElo "2027"]
[BlackElo "2117"]
[Result "0-1"]
[Round "05"]
[TimeControl "180+1"]
[Date "2022.03.16"]
[WhiteClock "0:00:02"]
[BlackClock "0:01:06"]

1. e4 d6 2. d4 Nf6 3. Nc3 c6 4. Nf3 Bg4 5. Bc4 e6 6. h3 Bh5 7. Be3 d5 8. Bd3 Bb4 9. e5 Ne4 10. O-O Bxc3 11. bxc3 Nxc3 12. Qd2 Bxf3 13. Qxc3 Be4 14. f4 f5 15. exf6 Qxf6 16. Bxe4 dxe4 17. Qb4 b6 18. Qd6 Kf7 19. f5 e5 20. Qc7+ Qe7 21. Qxe7+ Kxe7 22. dxe5 Nd7 23. Bg5+ Ke8 24. Rfe1 Nc5 25. Rad1 Kf7 26. e6+ Kf8 27. Rd7 Nxd7 28. exd7 Kf7 29. Rxe4 Rad8 30. Re7+ Kf8 31. Kf2 h6 0-1


[Site "https://www.chess.com"]

[Event "Titled Tuesday Blitz March 15 Late 2022"]
[White "Estrada Nieto, Julian"]
[Black "Vine, Elzbieta"]
[WhiteFideId "5101018"]
[BlackFideId "1119320"]
[WhiteElo "2246"]
[BlackElo "1844"]
[Result "1-0"]
[Round "05"]
[TimeControl "180+1"]
[Date "2022.03.16"]
[WhiteClock "0:01:27"]
[BlackClock "0:00:06"]

1. e4 c5 2. Nf3 d6 3. d4 cxd4 4. Qxd4 Nc6 5. Bb5 Bd7 6. Bxc6 Bxc6 7. Nc3 Nf6 8. Bg5 e6 9. O-O-O Be7 10. Rhe1 O-O 11. Kb1 Qa5 12. Qd2 Rfd8 13. Nd4 Qb6 14. f3 Be8 15. g4 d5 16. e5 Ne4 17. fxe4 Bb4 18. Bxd8 Rxd8 19. exd5 Rc8 20. Nde2 exd5 21. Qxd5 Bxc3 22. Nxc3 Rxc3 23. Qd8 Qb5 24. Rd5 1-0


[Site "https://www.chess.com"]

[Event "Titled Tuesday Blitz March 15 Late 2022"]
[White "Ezat, Mohamed"]
[Black "Jacobson, Brandon"]
[WhiteFideId "10600906"]
[BlackFideId "30901561"]
[WhiteElo "2386"]
[BlackElo "2362"]
[Result "0-1"]
[Round "05"]
[TimeControl "180+1"]
[Date "2022.03.15"]
[WhiteClock "0:00:01"]
[BlackClock "0:00:30"]

1. d4 Nf6 2. c4 e6 3. Nc3 d5 4. cxd5 exd5 5. Bg5 c6 6. Qc2 h6 7. Bf4 Bd6 8. Bg3 O-O 9. e3 Re8 10. Bd3 Bxg3 11. hxg3 c5 12. Nf3 Nc6 13. O-O c4 14. Bf5 a6 15. b3 b5 16. bxc4 dxc4 17. Bxc8 Rxc8 18. Rfd1 Nb4 19. Qe2 Nbd5 20. Nxd5 Qxd5 21. Ne5 Ne4 22. Rdc1 f6 23. Nf3 c3 24. Ne1 Rc4 25. Nd3 Rec8 26. Qf3 c2 27. a3 Qe6 28. Nf4 Qe8 29. Qg4 Nd2 30. Nh5 Qf7 31. a4 b4 32. Ra2 Nb3 33. Nxg7 Qxg7 34. Qe6+ Qf7 35. Qg4+ Kh8 36. Qf5 Nxc1 0-1


[Site "https://www.chess.com"]

[Event "Titled Tuesday Blitz March 15 Late 2022"]
[White "Fedoseev, Vladimir"]
[Black "Drozdowski, Kacper"]
[WhiteFideId "24130737"]
[BlackFideId "1136720"]
[WhiteElo "3014"]
[BlackElo "2946"]
[Result "1-0"]
[Round "05"]
[TimeControl "180+1"]
[Date "2022.03.15"]
[WhiteClock "0:01:25"]
[BlackClock "0:00:43"]

1. Nf3 d5 2. g3 c6 3. Bg2 Nf6 4. O-O Bg4 5. d3 Nbd7 6. Nbd2 e5 7. e4 Bd6 8. h3 Bxf3 9. Qxf3 O-O 10. Qe2 Re8 11. Rd1 h6 12. exd5 cxd5 13. c4 Rc8 14. cxd5 Nb6 15. Nc4 Nbxd5 16. Bd2 b5 17. Nxd6 Qxd6 18. Rac1 a6 19. Ba5 Ne7 20. Rxc8 Rxc8 21. Bc3 Ng6 22. d4 e4 23. d5 Ne5 24. Bxe4 Re8 25. Bg2 b4 26. Bd4 Nxd5 27. Bxe5 Rxe5 28. Qd3 b3 29. Qxb3 Qb6 30. Bxd5 1-0


[Site "https://www.chess.com"]

[Event "Titled Tuesday Blitz March 15 Late 2022"]
[White "Fier, Alexandr"]
[Black "Sanchez, Robert"]
[WhiteFideId "2107139"]
[BlackFideId "2034360"]
[WhiteElo "2571"]
[BlackElo "2315"]
[Result "1-0"]
[Round "05"]
[TimeControl "180+1"]
[Date "2022.03.16"]
[WhiteClock "0:02:27"]
[BlackClock "0:00:13"]

1. d4 Nf6 2. c4 e6 3. Nc3 Bb4 4. e3 O-O 5. Ne2 d5 6. a3 Be7 7. cxd5 exd5 8. Nf4 c6 9. Bd3 Nbd7 10. O-O Re8 11. f3 Nf8 12. Bc2 Ng6 13. Nfe2 c5 14. Kh1 c4 15. e4 dxe4 16. fxe4 Ng4 17. h3 Nf6 18. e5 Nd5 19. Be4 Be6 20. Ng3 Nxc3 21. bxc3 Bd5 22. Qf3 Bxe4 23. Qxe4 Qa5 24. Bd2 Rad8 25. Qxb7 Nxe5 26. dxe5 Rxd2 27. Nf5 Qd5 28. Nxe7+ Rxe7 29. Qb8+ Qd8 30. Qxd8+ Rxd8 31. Rf4 Rxe5 32. Rxc4 h5 33. Rc7 Rf5 34. Ra2 Rd3 35. Rxa7 Rxc3 36. Kh2 h4 37. Ra4 g5 38. Rg4 Rc1 39. a4 f6 40. g3 hxg3+ 41. Rxg3 Rff1 42. Rga3 Rh1+ 43. Kg2 Rcg1+ 44. Kf2 Rf1+ 45. Ke2 Rfg1 46. a5 f5 47. a6 f4 48. a7 Rh2+ 49. Kd3 Rxh3+ 50. Ke4 Re1+ 51. Kf5 Rxa3 52. Rxa3 Re8 53. a8=Q 1-0


[Site "https://www.chess.com"]

[Event "Titled Tuesday Blitz March 15 Late 2022"]
[White "Fiorito, Fabian"]
[Black "Curtis, John"]
[WhiteFideId "100200"]
[BlackFideId "3200256"]
[WhiteElo "2395"]
[BlackElo "2203"]
[Result "1-0"]
[Round "05"]
[TimeControl "180+1"]
[Date "2022.03.16"]
[WhiteClock "0:01:02"]
[BlackClock "0:00:05"]

1. e4 e5 2. Nf3 Nc6 3. Nc3 Nf6 4. d4 exd4 5. Nxd4 Bb4 6. Nxc6 bxc6 7. Bd3 d5 8. Bd2 O-O 9. O-O Re8 10. Nxd5 Nxd5 11. exd5 Bxd2 12. Qxd2 cxd5 13. b4 c6 14. a4 a5 15. Rfe1 Rxe1+ 16. Rxe1 Be6 17. Qc3 axb4 18. Qxb4 Qa5 19. Qxa5 Rxa5 20. Rb1 Kf8 21. Ra1 Ke7 22. f4 g6 23. Kf2 Kd6 24. Ke3 Bd7 25. c3 c5 26. Bc2 Bc6 27. Rb1 Kc7 28. g3 h6 29. h4 Be8 30. f5 g5 31. hxg5 hxg5 32. Kf3 f6 33. Kg4 Bd7 34. Rh1 Kd6 35. Rh6 Ke5 36. Rh7 Kd6 37. Rf7 Bxa4 38. Rxf6+ Ke7 39. Re6+ Kd7 40. Bxa4+ Rxa4+ 41. Kxg5 Rc4 42. Re3 Kd6 43. f6 Ra4 44. f7 Ra8 45. Re8 Rxe8 46. fxe8=Q d4 47. cxd4 c4 48. Kf6 Kd5 49. g4 Kxd4 50. g5 c3 51. g6 c2 52. Qd7+ Kc3 53. g7 c1=Q 54. Qc6+ Kb2 55. Qxc1+ Kxc1 56. g8=Q Kd2 57. Qg3 1-0


[Site "https://www.chess.com"]

[Event "Titled Tuesday Blitz March 15 Late 2022"]
[White "Fishbein, Mitch"]
[Black "Van den Dikkenberg, Erik"]
[WhiteFideId "30922917"]
[BlackFideId "1005880"]
[WhiteElo "1939"]
[BlackElo "2118"]
[Result "1-0"]
[Round "05"]
[TimeControl "180+1"]
[Date "2022.03.16"]
[WhiteClock "0:01:22"]
[BlackClock "0:00:43"]

1. d4 Nf6 2. c4 g6 3. Nc3 Bg7 4. e4 d6 5. Nf3 O-O 6. Be2 e5 7. O-O Nc6 8. Be3 Ng4 9. Bg5 f6 10. Bc1 exd4 11. Nxd4 Nge5 12. f4 Nxd4 13. Qxd4 Nc6 14. Qd5+ Kh8 15. f5 Ne5 16. Qd1 c6 17. Be3 Qe7 18. Qd2 Bd7 19. Rad1 Nf7 20. g4 Rad8 21. Bf4 Bc8 22. Rfe1 Rfe8 23. h3 Ne5 24. b3 gxf5 25. exf5 Qc7 26. Kh1 b6 27. Bf1 h5 28. gxh5 Bxf5 29. Bg2 Qc8 30. h6 Bf8 31. Kh2 Bxh3 32. Bxh3 Nf3+ 33. Kg3 Nxe1 34. Bxc8 1-0


[Site "https://www.chess.com"]

[Event "Titled Tuesday Blitz March 15 Late 2022"]
[White "Gledura, Benjamin"]
[Black "Goryachkina, Aleksandra"]
[WhiteFideId "712779"]
[BlackFideId "4147103"]
[WhiteElo "2326"]
[BlackElo "2426"]
[Result "1-0"]
[Round "05"]
[TimeControl "180+1"]
[Date "2022.03.16"]
[WhiteClock "0:00:12"]
[BlackClock "0:00:02"]

1. d4 d5 2. Nf3 Nf6 3. c3 g6 4. g3 Bg7 5. Bg2 O-O 6. O-O c6 7. a4 Bf5 8. a5 Qc8 9. Re1 Ne4 10. Nbd2 Nxd2 11. Bxd2 Be4 12. Bf1 h6 13. Qc1 Kh7 14. Ne5 f6 15. Nd3 Nd7 16. Nf4 Bf5 17. h3 e5 18. g4 exf4 19. gxf5 g5 20. e4 fxe3 21. Bxe3 Re8 22. Be2 Nf8 23. Qc2 Re4 24. Bf3 Rh4 25. Bg2 Qd7 26. a6 b5 27. Bd2 g4 28. hxg4 Rxg4 29. Qd3 Re8 30. Rxe8 Qxe8 31. Qh3 Qe4 32. f3 Rxg2+ 33. Qxg2 Qxf5 34. Re1 Ng6 35. Qg3 Qc2 36. Re2 Qxb2 37. Rg2 Qb1+ 38. Kh2 Qf5 39. Qc7 Qxf3 40. Qd7 Qh5+ 41. Qh3 Qd1 42. Qf5 1-0


[Site "https://www.chess.com"]

[Event "Titled Tuesday Blitz March 15 Late 2022"]
[White "Goltsev, Dmitry"]
[Black "Xu, Yi"]
[WhiteFideId "24176710"]
[BlackFideId "8605564"]
[WhiteElo "2273"]
[BlackElo "2471"]
[Result "1-0"]
[Round "05"]
[TimeControl "180+1"]
[Date "2022.03.15"]
[WhiteClock "0:01:28"]
[BlackClock "0:00:33"]

1. e4 c5 2. Nf3 d6 3. d4 cxd4 4. Nxd4 Nf6 5. Nc3 a6 6. Bg5 e6 7. Qd2 h6 8. Be3 Ng4 9. O-O-O Nxe3 10. Qxe3 Be7 11. f4 b5 12. a3 Bb7 13. g4 Nd7 14. h4 Nc5 15. b4 Nd7 16. f5 Bxh4 17. Rxh4 Qxh4 18. fxe6 fxe6 19. Nxe6 Rc8 20. Nxg7+ Kf8 21. Rxd6 Qe7 22. Nf5 Qe5 23. Rxd7 Rxc3 24. Qb6 Rxc2+ 25. Kxc2 Qxe4+ 26. Bd3 Qc6+ 27. Qxc6 Bxc6 28. Rd8+ Be8 29. Nd6 Ke7 30. Rxe8+ Rxe8 31. Nxe8 Kxe8 32. Kc3 Kd7 33. Kd4 Kd6 34. Bf5 1-0


[Site "https://www.chess.com"]

[Event "Titled Tuesday Blitz March 15 Late 2022"]
[White "Grischuk, Alexander"]
[Black "Kosteniuk, Alexandra"]
[WhiteFideId "4126025"]
[BlackFideId "4128125"]
[WhiteElo "2762"]
[BlackElo "2469"]
[Result "1-0"]
[Round "05"]
[TimeControl "180+1"]
[Date "2022.03.15"]
[WhiteClock "0:00:02"]
[BlackClock "0:00:04"]

1. d4 Nf6 2. Nf3 e6 3. Bf4 d5 4. e3 c5 5. Be2 Nc6 6. O-O Bd6 7. dxc5 Bxf4 8. exf4 Ne4 9. c3 Nxc5 10. Nbd2 O-O 11. Nb3 b6 12. Nbd4 Nxd4 13. Nxd4 Qf6 14. Qd2 Ne4 15. Qe3 Bb7 16. Bd3 Nd6 17. Rfe1 g6 18. Rad1 Rac8 19. g3 Rfd8 20. h4 Nf5 21. Bxf5 gxf5 22. Qf3 Kh8 23. Qe2 Rg8 24. Qe5 Qxe5 25. Rxe5 Kg7 26. Rde1 Rgd8 27. f3 Ba6 28. Kf2 h5 29. g4 hxg4 30. fxg4 fxg4 31. f5 exf5 32. Nxf5+ Kf8 33. R1e3 Rc6 34. Kg3 Rf6 35. Nd4 Bc8 36. Rh5 Kg7 37. Re7 Rf1 38. Rhe5 Rg1+ 39. Kf2 Rb1 40. Re2 a5 41. Rc7 Bd7 42. Kg3 Kf6 43. Rb7 Kg7 44. Rxb6 f5 45. Rd6 Rf1 46. Kg2 Rf4 47. Re7+ Kf8 48. Rexd7 1-0


[Site "https://www.chess.com"]

[Event "Titled Tuesday Blitz March 15 Late 2022"]
[White "Hakobyan, Aram"]
[Black "Holt, Conrad"]
[WhiteFideId "13306677"]
[BlackFideId "2034387"]
[WhiteElo "2557"]
[BlackElo "2586"]
[Result "0-1"]
[Round "05"]
[TimeControl "180+1"]
[Date "2022.03.15"]
[WhiteClock "0:00:08"]
[BlackClock "0:00:24"]

1. e4 e6 2. d4 d5 3. Nc3 Nf6 4. Bg5 dxe4 5. Nxe4 Be7 6. Nxf6+ Bxf6 7. Bxf6 Qxf6 8. Nf3 c5 9. Bb5+ Bd7 10. Qe2 cxd4 11. Bxd7+ Nxd7 12. O-O-O O-O 13. Rxd4 Nc5 14. Rhd1 Rac8 15. Kb1 Qg6 16. Ne5 Qxg2 17. Rg4 Qxh2 18. Nf3 Qh6 19. Rh4 Qf6 20. Rdh1 h6 21. Ne5 Rfd8 22. Ng4 Qg6 23. Nxh6+ Kf8 24. Ng4 Qe4 25. Ne3 Qe5 26. Rh5 f5 27. Qb5 Kf7 28. Rh7 a6 29. Qb4 Qd4 30. Qxd4 Rxd4 31. Rg1 Rg8 32. Rhh1 Ne4 33. Rc1 Nxf2 34. Rhf1 Ne4 35. Ka1 g5 36. c3 Rd3 37. Nc4 Kf6 38. Na5 Nd6 39. Rce1 g4 40. Nb3 Rd5 41. Nd4 e5 42. Nc2 Nc4 43. b3 Nd2 44. Rg1 Nf3 45. Ne3 Rd7 46. Rgf1 Nxe1 47. Rxf5+ Ke6 48. Rh5 g3 49. Rh6+ Kf7 50. Rh7+ Rg7 51. Rxg7+ Kxg7 52. Nf5+ Kf6 53. Nxg3 Ke6 54. Kb2 Nd3+ 55. Ka3 Nc5 56. b4 Rd3 57. Ne2 Ne4 58. Kb3 b5 59. a4 Kd5 60. axb5 axb5 61. Ng1 Rxc3+ 62. Kb2 Re3 63. Ka2 Kc4 64. Kb2 Kxb4 65. Kc2 Kc4 66. Kb2 b4 67. Kc2 b3+ 68. Kb2 Kb4 69. Ka1 Ka3 70. Ne2 Rxe2 71. Kb1 Re1# 0-1


[Site "https://www.chess.com"]

[Event "Titled Tuesday Blitz March 15 Late 2022"]
[White "Hambleton, Aman"]
[Black "Chigaev, Maksim"]
[WhiteFideId "2606577"]
[BlackFideId "4108116"]
[WhiteElo "2552"]
[BlackElo "2502"]
[Result "1-0"]
[Round "05"]
[TimeControl "180+1"]
[Date "2022.03.15"]
[WhiteClock "0:00:05"]
[BlackClock "0:00:05"]

1. d4 Nf6 2. Bf4 d5 3. e3 Bf5 4. c4 e6 5. Nc3 Bb4 6. Qb3 Nc6 7. a3 Bxc3+ 8. Qxc3 O-O 9. Bg5 h6 10. Bxf6 Qxf6 11. cxd5 exd5 12. Nf3 Be4 13. Nd2 Bg6 14. Be2 Ne7 15. Qxc7 Rac8 16. Qxb7 Rc2 17. Rd1 Nc6 18. b4 Nxd4 19. exd4 Re8 20. O-O Rxe2 21. Nf3 Be4 22. Qb8+ Kh7 23. Qg3 Bxf3 24. Qxf3 Qxf3 25. gxf3 Rc3 26. Rfe1 Rxe1+ 27. Rxe1 Rxa3 28. Kg2 f6 29. Re7 Ra4 30. Rd7 Rxb4 31. Rxd5 Kg6 32. Ra5 Rb7 33. Kg3 Kf7 34. Kf4 Re7 35. Ra6 Rd7 36. Ke4 Ke7 37. h4 h5 38. f4 Kf7 39. d5 Ke7 40. Ra5 Kd6 41. Kf5 Re7 42. Kg6 Rc7 43. Kxh5 Re7 44. Kg6 Rb7 45. f5 Kc7 46. Ra4 Kd6 47. Ra5 Kc7 48. h5 Kb6 49. Ra1 Rd7 50. h6 gxh6 51. Kxf6 Rxd5 52. Ke6 Rd2 53. Rf1 Re2+ 54. Kf7 a5 55. f6 Re4 56. f3 Rf4 57. Ke6 a4 58. Ke5 Rc4 59. f7 Rc8 60. Kf6 a3 61. Ra1 Ra8 62. Kg6 Kb5 63. Kxh6 Kb4 64. Kg7 Kb3 65. f4 Ra7 66. f5 Kb2 67. Rxa3 Kxa3 68. f6 Kb4 69. Kg8 Kc4 70. f8=Q 1-0


[Site "https://www.chess.com"]

[Event "Titled Tuesday Blitz March 15 Late 2022"]
[White "Hess, Max"]
[Black "Mekhitarian, Krikor Sevag"]
[WhiteFideId "24656666"]
[BlackFideId "2107660"]
[WhiteElo "2276"]
[BlackElo "2598"]
[Result "0-1"]
[Round "05"]
[TimeControl "180+1"]
[Date "2022.03.16"]
[WhiteClock "0:00:56"]
[BlackClock "0:01:49"]

1. d4 Nf6 2. Nf3 g6 3. g3 Bg7 4. Bg2 d5 5. O-O O-O 6. c4 dxc4 7. Na3 c3 8. bxc3 c5 9. Re1 Nc6 10. Bb2 Qa5 11. d5 Rd8 12. e4 Bg4 13. h3 Bxf3 14. Qxf3 Ne5 15. Qe2 c4 16. Nxc4 Nxc4 17. Qxc4 Rac8 18. Qb3 Nd7 19. c4 Nc5 20. Qc2 Bxb2 21. Qxb2 Nd3 22. Qxb7 Nxe1 23. Qxe7 Nxg2 24. Kxg2 Rxc4 25. Rb1 Qc7 26. Qh4 Rxd5 0-1


[Site "https://www.chess.com"]

[Event "Titled Tuesday Blitz March 15 Late 2022"]
[White "Indjic, Aleksandar"]
[Black "Andreikin, Dmitry"]
[WhiteFideId "911925"]
[BlackFideId "4158814"]
[WhiteElo "2951"]
[BlackElo "3027"]
[Result "0-1"]
[Round "05"]
[TimeControl "180+1"]
[Date "2022.03.15"]
[WhiteClock "0:00:03"]
[BlackClock "0:00:07"]

1. d4 d5 2. c4 e6 3. Nc3 a6 4. cxd5 exd5 5. Nf3 Nf6 6. Bg5 Be6 7. e3 Nbd7 8. Bd3 h6 9. Bh4 g5 10. Bg3 Nh5 11. Qc2 Nxg3 12. hxg3 Bg7 13. Bf5 Qe7 14. Bxe6 Qxe6 15. O-O-O O-O-O 16. Kb1 Kb8 17. Rc1 Rc8 18. Na4 f5 19. Ka1 Rhf8 20. Rhe1 Qd6 21. Qb3 c6 22. Qd3 Rce8 23. Nd2 f4 24. exf4 gxf4 25. gxf4 Rxe1 26. Rxe1 Qb4 27. Nc3 Bxd4 28. f5 Nc5 29. Qg3+ Ka7 30. a3 Qb6 31. Re7 Rxf5 32. Re8 Nd7 33. Qd3 Bxc3 34. Qxc3 Rxf2 35. Qh8 Qc5 36. Ra8+ Kb6 37. Qd8+ Kb5 38. Qxd7 Rxd2 39. Qxb7+ Qb6 40. Qc8 a5 41. Rb8 Rxg2 42. Qc7 Qxb8 43. Qxb8+ Kc5 44. Qf8+ Kb6 45. Qxh6 Rg4 46. Qd6 a4 47. Qb8+ Kc5 48. Qa7+ Kd6 49. Kb1 Rc4 50. Qf7 Kc5 51. Qe7+ Kb6 52. Ka2 Ka6 53. Qd6 Kb7 54. b3 Rc2+ 55. Kb1 axb3 56. Qb4+ Kc7 57. Qxb3 Rc5 58. a4 d4 59. Ka2 Rd5 60. Qd3 Kb6 61. Kb3 Ka5 62. Ka3 Kb6 63. Kb4 Re5 64. Qxd4+ c5+ 65. Kc4 cxd4 66. Kxd4 Ra5 67. Kc4 Rxa4+ 68. Kb3 Ra5 69. Kb4 Rc5 0-1


[Site "https://www.chess.com"]

[Event "Titled Tuesday Blitz March 15 Late 2022"]
[White "Iskusnyh, Sergei"]
[Black "Pichot, Alan"]
[WhiteFideId "4120027"]
[BlackFideId "110973"]
[WhiteElo "2492"]
[BlackElo "2579"]
[Result "0-1"]
[Round "05"]
[TimeControl "180+1"]
[Date "2022.03.15"]
[WhiteClock "0:00:06"]
[BlackClock "0:00:53"]

1. d4 Nf6 2. c4 e6 3. g3 d5 4. Nf3 Be7 5. Bg2 O-O 6. O-O dxc4 7. Qa4 a6 8. Qxc4 b5 9. Qc2 Bb7 10. Bd2 Be4 11. Qc1 c6 12. Bg5 h6 13. Bxf6 Bxf6 14. Nbd2 Bg6 15. Nb3 Qd6 16. Qc5 Rd8 17. Rfd1 a5 18. Rac1 Be4 19. Qxd6 Rxd6 20. Nc5 Bxf3 21. Bxf3 Rxd4 22. e3 Rxd1+ 23. Rxd1 Na6 24. Nxa6 Rxa6 25. Rd6 Bxb2 26. Rxc6 Ra7 27. h4 g6 28. h5 g5 29. Be4 Kg7 30. f4 Bf6 31. Kf2 Be7 32. f5 exf5 33. Bxf5 b4 34. Rb6 a4 35. Bb1 b3 36. axb3 a3 37. Ba2 Rc7 38. Kf3 Rc2 39. Bb1 a2 40. Bxa2 Rxa2 41. Rb7 Bd6 42. b4 Rb2 43. b5 Rb4 44. g4 Kf6 45. Rd7 Ke6 46. Rb7 Bc5 47. Rc7 Rxb5 48. Rc6+ Bd6 0-1


[Site "https://www.chess.com"]